[Event "Budapest Spring Festival 2019"]
[Site "Budapest"]
[Date "2019.04.11"]
[Round "3.4"]
[White "Srinath, Rao S.V."]
[Black "Aryan Chopra"]
[Result "0-1"]
[ECO "B22"]
[WhiteElo "2416"]
[BlackElo "2547"]
[Annotator "ChessBase"]
[PlyCount "116"]
[EventDate "2019.04.09"]
[EventType "swiss"]
[EventCountry "HUN"]
[SourceTitle "playchess.com"]
[Source "ChessBase"]
[SourceQuality "1"]
[TimeControl "40/5400+30:1800+30"]

1. e4 c5 2. c3 Nf6 3. e5 Nd5 4. d4 cxd4 5. Nf3 Nc6 6. cxd4 d6 7. Bc4 Nb6 8. Bb5 dxe5 9. Nxe5 Bd7 10. Nxd7 Qxd7 11. O-O e6 12. Nc3 Rd8 13. Be3 Be7 14. Qg4 O-O 15. Rad1 g6 16. Bg5 h5 17. Qh4 Bxg5 18. Qxg5 Qe7 19. Qc5 Nd5 20. Ne4 Rc8 21. Bxc6 Rxc6 22. Qxa7 Ra6 23. Qc5 Rxa2 24. Rd2 Rfa8 25. g3 R2a4 26. Qc2 Rb4 27. Re1 h4 28. Kg2 Kg7 29. Nc3 Qg5 30. Nxd5 Qxd5+ 31. Qe4 Rd8 32. Qxd5 Rxd5 33. Re4 hxg3 34. hxg3 Rd6 35. Kf3 f5 36. Re1 Kf6 37. Ke3 Rdb6 38. Rb1 Ke7 39. Kf4 Kf6 40. Ke3 Rb3+ 41. Ke2 Ke7 42. Kd1 Kd6 43. Kc2 g5 44. Rd3 Rxd3 45. Kxd3 Rb3+ 46. Kc4 Rf3 47. Rf1 g4 48. b4 f4 49. Re1 Rxf2 50. Re4 Rf1 51. Kb5 Kd5 52. Re5+ Kxd4 53. gxf4 Rxf4 54. Rxe6 Rf5+ 55. Kb6 Rg5 56. Kxb7 g3 57. Re1 g2 58. Rg1 Ke5 0-1

[Event "Budapest Spring Festival 2019"]
[Site "Budapest"]
[Date "2019.04.11"]
[Round "3.5"]
[White "Gschnitzer, Adrian"]
[Black "Kantor, Gergely"]
[Result "1/2-1/2"]
[ECO "A28"]
[WhiteElo "2380"]
[BlackElo "2505"]
[Annotator "ChessBase"]
[PlyCount "81"]
[EventDate "2019.04.09"]
[EventType "swiss"]
[EventCountry "HUN"]
[SourceTitle "playchess.com"]
[Source "ChessBase"]
[SourceQuality "1"]
[TimeControl "40/5400+30:1800+30"]

1. c4 Nf6 2. Nc3 e5 3. Nf3 Nc6 4. e3 Bb4 5. Qc2 Bxc3 6. Qxc3 Qe7 7. b3 d5 8. d4 Ne4 9. Qb2 Be6 10. Be2 Qb4+ 11. Bd2 Nxd2 12. Qxd2 dxc4 13. bxc4 Qxd2+ 14. Kxd2 exd4 15. exd4 O-O-O 16. Kc3 Bg4 17. Rad1 Rhe8 18. Rd2 Re4 19. d5 Na5 20. Nd4 c5 21. f3 Rxd4 22. fxg4 Rxd2 23. Kxd2 Kc7 24. Kc3 Re8 25. Bd3 h6 26. Rf1 Re7 27. h4 b6 28. g5 hxg5 29. hxg5 g6 30. Rf6 Nb7 31. Rc6+ Kd7 32. Bc2 Nd8 33. Rf6 Re3+ 34. Kd2 Re5 35. Ba4+ Kc8 36. Kd3 Rxg5 37. Be8 Rxg2 38. Bxf7 Nxf7 39. Rxf7 Rxa2 40. d6 Rg2 41. Ke4 1/2-1/2

[Event "Budapest Spring Festival 2019"]
[Site "Budapest"]
[Date "2019.04.11"]
[Round "3.6"]
[White "Bashirli, Nail"]
[Black "Arjun Kalyan"]
[Result "1/2-1/2"]
[ECO "B69"]
[WhiteElo "2333"]
[BlackElo "2445"]
[Annotator "ChessBase"]
[PlyCount "53"]
[EventDate "2019.04.09"]
[EventType "swiss"]
[EventCountry "HUN"]
[SourceTitle "playchess.com"]
[Source "ChessBase"]
[SourceQuality "1"]
[TimeControl "40/5400+30:1800+30"]

1. e4 c5 2. Nf3 Nc6 3. Nc3 d6 4. d4 cxd4 5. Nxd4 Nf6 6. Bg5 e6 7. Qd2 a6 8. O-O-O Be7 9. f4 Bd7 10. Nf3 b5 11. Bxf6 gxf6 12. Kb1 Qb6 13. Bd3 O-O-O 14. Rhe1 Kb7 15. Nd5 exd5 16. exd5 Ne5 17. fxe5 fxe5 18. Qh6 f5 19. Qg7 Rde8 20. Nxe5 dxe5 21. d6 Rhg8 22. Qxh7 Rh8 23. Qg7 Rhg8 24. Qf7 Rgf8 25. Qg7 Rg8 26. Qf7 Rgf8 27. Qg7 1/2-1/2

[Event "Budapest Spring Festival 2019"]
[Site "Budapest"]
[Date "2019.04.11"]
[Round "3.10"]
[White "Bernadskiy, Vitaliy"]
[Black "Hando, Vilmos"]
[Result "1-0"]
[ECO "B12"]
[WhiteElo "2587"]
[BlackElo "2382"]
[Annotator "ChessBase"]
[PlyCount "119"]
[EventDate "2019.04.09"]
[EventType "swiss"]
[EventCountry "HUN"]
[SourceTitle "playchess.com"]
[Source "ChessBase"]
[SourceQuality "1"]
[TimeControl "40/5400+30:1800+30"]

1. e4 c6 2. d4 d5 3. e5 Bf5 4. h4 h5 5. Bd3 Bxd3 6. Qxd3 e6 7. Bg5 Qb6 8. Nd2 c5 9. c4 Nc6 10. Ngf3 Nb4 11. Qb3 cxd4 12. O-O f6 13. Bf4 Rd8 14. a3 Nc6 15. Qd3 Kf7 16. b4 a6 17. Rfe1 Nge7 18. Rac1 Rd7 19. Bh2 Rh6 20. Qe2 fxe5 21. cxd5 Rxd5 22. Nc4 Qd8 23. Ncxe5+ Kg8 24. Nd3 Rf5 25. Bf4 Rg6 26. Bg5 Qd6 27. Nde5 Nxe5 28. Nxe5 d3 29. Qxd3 Qxd3 30. Nxd3 Nc6 31. f4 Bd6 32. Re4 e5 33. fxe5 Bxe5 34. Rxc6 Rxc6 35. Rxe5 Rxe5 36. Nxe5 Rc3 37. a4 a5 38. bxa5 Rc5 39. Nd7 Rxa5 40. Nb6 Rf5 41. g3 Kf7 42. Bf4 Rf6 43. a5 Rf5 44. Bd2 Ke6 45. Kg2 Rc5 46. Kf3 Kf5 47. Bb4 Rb5 48. Bc3 Rb3 49. Nd5 g5 50. hxg5 Kxg5 51. Ke4 Kg4 52. Be5 Ra3 53. Ne3+ Kh3 54. Nc4 Rxg3 55. Bxg3 Kxg3 56. Nd6 Kg2 57. Nf5 Kf2 58. Kf4 Kg2 59. Kg5 Kf3 60. Nd6 1-0

[Event "Budapest Spring Festival 2019"]
[Site "Budapest"]
[Date "2019.04.11"]
[Round "3.12"]
[White "Mikhalevski, Victor"]
[Black "Kulkarni Bhakti"]
[Result "1-0"]
[ECO "A14"]
[WhiteElo "2580"]
[BlackElo "2350"]
[Annotator "ChessBase"]
[PlyCount "101"]
[EventDate "2019.04.09"]
[EventType "swiss"]
[EventCountry "HUN"]
[SourceTitle "playchess.com"]
[Source "ChessBase"]
[SourceQuality "1"]
[TimeControl "40/5400+30:1800+30"]

1. c4 Nf6 2. g3 e6 3. Bg2 d5 4. Nf3 Be7 5. O-O O-O 6. b3 c5 7. cxd5 Nxd5 8. Bb2 Nc6 9. d4 cxd4 10. Nxd4 Nxd4 11. Qxd4 Bf6 12. Qd2 Bxb2 13. Qxb2 Nb4 14. Na3 Qe7 15. Nc4 Rb8 16. a3 Nc6 17. b4 b5 18. Nd2 Bb7 19. Rfc1 Rbc8 20. Rc5 a6 21. Rac1 Na7 22. Ne4 h6 23. Qe5 Rxc5 24. Nxc5 Bxg2 25. Kxg2 Rd8 26. Qe4 Rd6 27. h4 Qc7 28. h5 Nc8 29. Qf4 Qb6 30. Nxe6 Qb7+ 31. Qf3 Qxf3+ 32. Kxf3 Nb6 33. Nc5 Nc4 34. Rc3 Rf6+ 35. Kg2 Rd6 36. a4 Kf8 37. a5 Ne5 38. Re3 f6 39. Re4 Kf7 40. g4 Nc4 41. e3 Ne5 42. Rd4 Rc6 43. Kg3 Ke8 44. Kf4 Nc4 45. Ke4 Ne5 46. Kf5 Ke7 47. f4 Nc4 48. Kg6 f5+ 49. Kxg7 fxg4 50. f5 Ne5 51. Rd5 1-0

[Event "Budapest Spring Festival 2019"]
[Site "Budapest"]
[Date "2019.04.11"]
[Round "3.15"]
[White "Stupak, Kirill"]
[Black "Risting, Eivind Olav"]
[Result "1-0"]
[ECO "E04"]
[WhiteElo "2547"]
[BlackElo "2345"]
[Annotator "ChessBase"]
[PlyCount "91"]
[EventDate "2019.04.09"]
[EventType "swiss"]
[EventCountry "HUN"]
[SourceTitle "playchess.com"]
[Source "ChessBase"]
[SourceQuality "1"]
[TimeControl "40/5400+30:1800+30"]

1. d4 Nf6 2. c4 e6 3. g3 d5 4. Bg2 dxc4 5. Nf3 Bb4+ 6. Nbd2 b5 7. O-O O-O 8. a4 c6 9. Qc2 Bb7 10. b3 cxb3 11. Nxb3 Nbd7 12. Ne1 a6 13. Nd3 Be7 14. Bd2 Rc8 15. Ba5 Qe8 16. Rfd1 h6 17. Nbc5 Nxc5 18. Nxc5 Bxc5 19. dxc5 Qe7 20. Rd6 e5 21. Rad1 Rb8 22. e4 Rbe8 23. f3 Bc8 24. Rxc6 Bd7 25. Rcd6 Rc8 26. c6 Be6 27. axb5 axb5 28. c7 Ne8 29. Rc6 Qa3 30. Qc3 Qxc3 31. Rxc3 b4 32. Bxb4 Rxc7 33. Rxc7 Nxc7 34. Bxf8 Kxf8 35. Bf1 Ke7 36. Kf2 Ne8 37. Ke3 Nf6 38. Bb5 g6 39. Ra1 h5 40. Ra7+ Kf8 41. Rc7 Ne8 42. Bxe8 Kxe8 43. Rc5 f6 44. f4 exf4+ 45. gxf4 Ke7 46. h4 1-0

[Event "Budapest Spring Festival 2019"]
[Site "Budapest"]
[Date "2019.04.11"]
[Round "3.16"]
[White "Mehar, Chinna Reddy C.H."]
[Black "Horvath, Adam"]
[Result "1/2-1/2"]
[ECO "A46"]
[WhiteElo "2348"]
[BlackElo "2533"]
[Annotator "ChessBase"]
[PlyCount "136"]
[EventDate "2019.04.09"]
[EventType "swiss"]
[EventCountry "HUN"]
[SourceTitle "playchess.com"]
[Source "ChessBase"]
[SourceQuality "1"]
[TimeControl "40/5400+30:1800+30"]

1. d4 Nf6 2. Nf3 e6 3. e3 b6 4. Bd3 Bb7 5. O-O d5 6. c4 Be7 7. Nc3 O-O 8. cxd5 exd5 9. b3 Nbd7 10. Bb2 Re8 11. Rc1 a6 12. Ne2 Bd6 13. Ng3 g6 14. Rc2 Qe7 15. Qe2 c6 16. Rfc1 a5 17. a4 h5 18. Nf1 Ne4 19. N3d2 Ndf6 20. f3 Nxd2 21. Qxd2 Ba3 22. Bxa3 Qxa3 23. Ra2 Qd6 24. Rac2 Re6 25. Rb2 Ba6 26. Rbc2 Bb7 27. Rb2 Nd7 28. Rbc2 Rae8 29. Qf2 Qb4 30. Rb2 Kg7 31. Qd2 Qd6 32. b4 axb4 33. Rxb4 Ra8 34. Ra1 Ba6 35. Bxa6 Rxa6 36. Rbb1 Re8 37. Qc3 Rea8 38. Rc1 b5 39. axb5 Rxa1 40. Rxa1 Rxa1 41. Qxa1 cxb5 42. Qa5 Qc6 43. Qb4 Qc4 44. Qd6 Nf6 45. Qe5 Qd3 46. h3 h4 47. Nh2 Qf5 48. Ng4 Qxe5 49. Nxe5 b4 50. Kf2 b3 51. Nd3 Nd7 52. Ke2 Nb6 53. Kd2 Nc4+ 54. Kc3 Nxe3 55. Kxb3 Nxg2 56. Kb4 g5 57. Kc5 Ne3 58. Kd6 f5 59. Ke5 Kh6 60. Nf2 g4 61. fxg4 fxg4 62. Kf4 Nc2 63. Nxg4+ Kg6 64. Ke5 Kg5 65. Kxd5 Kf4 66. Kc5 Nxd4 67. Kxd4 Kg3 68. Ke3 Kxh3 1/2-1/2

[Event "Budapest Spring Festival 2019"]
[Site "Budapest"]
[Date "2019.04.11"]
[Round "3.19"]
[White "Kosic, Dragan"]
[Black "Popovic, Milan S"]
[Result "1/2-1/2"]
[ECO "E92"]
[WhiteElo "2508"]
[BlackElo "2332"]
[Annotator "ChessBase"]
[PlyCount "89"]
[EventDate "2019.04.09"]
[EventType "swiss"]
[EventCountry "HUN"]
[SourceTitle "playchess.com"]
[Source "ChessBase"]
[SourceQuality "1"]
[TimeControl "40/5400+30:1800+30"]

1. d4 d6 2. Nf3 Nf6 3. c4 g6 4. Nc3 Bg7 5. e4 O-O 6. Be2 e5 7. Be3 exd4 8. Nxd4 Re8 9. f3 c6 10. Bf2 d5 11. exd5 cxd5 12. O-O Nc6 13. c5 Nh5 14. Qd2 Be5 15. g3 Ng7 16. Rfd1 Bf5 17. Nb3 d4 18. Nb5 Ne6 19. f4 a6 20. fxe5 axb5 21. Nxd4 Nexd4 22. Bxd4 Bc2 23. Qxc2 Nxd4 24. Qe4 Nxe2+ 25. Qxe2 Qc7 26. Rd5 b4 27. b3 Ra5 28. Rc1 b6 29. Qf2 Qe7 30. Rc4 Rea8 31. Qf6 Qxf6 32. exf6 bxc5 33. Rdxc5 Rxc5 34. Rxc5 h6 35. h4 Ra6 36. Rb5 Rxa2 37. g4 Ra3 38. Rxb4 g5 39. hxg5 hxg5 40. Rb5 Kh7 41. Kf2 Kg6 42. Rb6 Ra1 43. b4 Rb1 44. Ke3 Rg1 45. Kf3 1/2-1/2

[Event "Budapest Spring Festival 2019"]
[Site "Budapest"]
[Date "2019.04.11"]
[Round "3.20"]
[White "Kulkarni, Rakesh"]
[Black "Galyas, Miklos"]
[Result "1/2-1/2"]
[ECO "B07"]
[WhiteElo "2334"]
[BlackElo "2490"]
[Annotator "ChessBase"]
[PlyCount "87"]
[EventDate "2019.04.09"]
[EventType "swiss"]
[EventCountry "HUN"]
[SourceTitle "playchess.com"]
[Source "ChessBase"]
[SourceQuality "1"]
[TimeControl "40/5400+30:1800+30"]

1. e4 d6 2. d4 Nf6 3. Nc3 g6 4. Be3 c6 5. f3 Nbd7 6. Qd2 b5 7. g4 Bg7 8. Nge2 b4 9. Nd1 a5 10. a3 Rb8 11. axb4 axb4 12. Ng3 e5 13. g5 Nh5 14. Nxh5 gxh5 15. f4 exf4 16. Bxf4 Nf8 17. Ne3 Ng6 18. Nf5 O-O 19. Nxg7 Kxg7 20. Bd3 Bh3 21. Be3 Qd7 22. Rg1 Bg4 23. Rf1 Nh4 24. g6 hxg6 25. Bh6+ Kh7 26. Bxf8 Rxf8 27. Qxb4 Nf3+ 28. Rxf3 Bxf3 29. Kd2 Qe7 30. e5 c5 31. dxc5 dxe5 32. Re1 e4 33. Bxe4 Qg5+ 34. Kc3 Bxe4 35. Rxe4 Rc8 36. b3 Rxc5+ 37. Kb2 Qf5 38. h4 Qf2 39. Rc4 Rxc4 40. Qxc4 g5 41. hxg5 h4 42. b4 Kg6 43. b5 Kxg5 44. Qb3 1/2-1/2

[Event "Budapest Spring Festival 2019"]
[Site "Budapest"]
[Date "2019.04.11"]
[Round "3.23"]
[White "Ankit, R. Rajpara"]
[Black "Bhambure, Shantanu"]
[Result "1/2-1/2"]
[ECO "E04"]
[WhiteElo "2462"]
[BlackElo "2261"]
[Annotator "ChessBase"]
[PlyCount "153"]
[EventDate "2019.04.09"]
[EventType "swiss"]
[EventCountry "HUN"]
[SourceTitle "playchess.com"]
[Source "ChessBase"]
[SourceQuality "1"]
[TimeControl "40/5400+30:1800+30"]

1. d4 Nf6 2. c4 e6 3. g3 d5 4. Nf3 dxc4 5. Bg2 a6 6. O-O Nc6 7. e3 Bd7 8. Qe2 Bd6 9. Qxc4 O-O 10. Nbd2 e5 11. dxe5 Nxe5 12. Nxe5 Bxe5 13. Qc5 Bd6 14. Qc2 Rb8 15. b3 Qe7 16. Nc4 Bc5 17. Bb2 Be6 18. Na5 c6 19. Bxf6 gxf6 20. Nc4 Rbd8 21. Nd2 Bb4 22. Nf3 Qc5 23. Qe4 Ba3 24. Qf4 Qf5 25. Qh4 Rfe8 26. Qa4 Bb2 27. Rab1 Qc2 28. Nh4 Bc8 29. Qf4 Rd2 30. Rbe1 Kg7 31. Bf3 Be5 32. Qb4 Bd6 33. Qa5 Qxa2 34. Nf5+ Bxf5 35. Qxf5 Qc2 36. Qg4+ Qg6 37. Qc4 Rd8 38. Rd1 Be7 39. Ra1 Qg5 40. h4 Qf5 41. Bg4 Qd5 42. Qa4 Bc5 43. Qf4 Qe5 44. Qf3 Qd5 45. Qxd5 R2xd5 46. Rfd1 Rxd1+ 47. Rxd1 Rxd1+ 48. Bxd1 f5 49. Kf1 a5 50. Ke2 Kf6 51. Bc2 h6 52. f4 Bb4 53. e4 fxe4 54. Bxe4 Ke6 55. g4 f6 56. Bf5+ Kd5 57. g5 fxg5 58. fxg5 hxg5 59. hxg5 Kd4 60. g6 Bf8 61. Kd2 Kc5 62. Bc8 b6 63. Bd7 Kb4 64. Bxc6 Kxb3 65. Bd5+ Kb4 66. Kc2 b5 67. Bc6 Kc4 68. Bd7 Bg7 69. Be8 a4 70. Bd7 Kb4 71. Be8 Ka5 72. Bd7 b4 73. Be6 Kb5 74. Bd7+ Ka5 75. Be6 Kb6 76. Bg8 Kc5 77. Bf7 1/2-1/2

[Event "Budapest Spring Festival 2019"]
[Site "Budapest"]
[Date "2019.04.11"]
[Round "3.24"]
[White "Daggupati, Balaji"]
[Black "Gorodetzky, David"]
[Result "1/2-1/2"]
[ECO "C11"]
[WhiteElo "2326"]
[BlackElo "2461"]
[Annotator "ChessBase"]
[PlyCount "120"]
[EventDate "2019.04.09"]
[EventType "swiss"]
[EventCountry "HUN"]
[SourceTitle "playchess.com"]
[Source "ChessBase"]
[SourceQuality "1"]
[TimeControl "40/5400+30:1800+30"]

1. e4 e6 2. d4 d5 3. Nc3 Nf6 4. Bg5 dxe4 5. Nxe4 Nbd7 6. Nf3 h6 7. Nxf6+ Nxf6 8. Bxf6 Qxf6 9. Bd3 Bd6 10. Qe2 c5 11. Bb5+ Ke7 12. dxc5 Bxc5 13. O-O-O Qf4+ 14. Kb1 a6 15. Bc4 Qc7 16. Qe4 Rb8 17. Rd3 b5 18. Ne5 Rb6 19. Qf4 Ke8 20. Bb3 f6 21. Qg4 fxe5 22. Qg6+ Kf8 23. Rhd1 Rd6 24. Bxe6 Rxe6 25. Rd8+ Qxd8 26. Rxd8+ Ke7 27. Qxg7+ Kxd8 28. Qxh8+ Kc7 29. f3 Bd7 30. a3 Bd6 31. h4 e4 32. Qc3+ Bc6 33. fxe4 Rxe4 34. h5 Rg4 35. Qa5+ Kd7 36. Qxa6 Rxg2 37. Qa7+ Kc8 38. Qd4 Kd7 39. c4 bxc4 40. Qxc4 Be5 41. b4 Rg1+ 42. Kc2 Rg2+ 43. Kc1 Rg1+ 44. Kd2 Rg2+ 45. Ke3 Rg3+ 46. Ke2 Rxa3 47. Qf7+ Kd6 48. Qf8+ Kd7 49. Qf5+ Kd6 50. Qg6+ Kd5 51. Qxh6 Bb5+ 52. Kf2 Ra2+ 53. Kf3 Ra3+ 54. Kg2 Ra2+ 55. Kf3 Ra3+ 56. Kf2 Ra2+ 57. Ke3 Bd4+ 58. Kf3 Ra3+ 59. Kg2 Ra2+ 60. Kf3 Ra3+ {[%emt 0:00:15] Ke4+} 1/2-1/2

[Event "Budapest Spring Festival 2019"]
[Site "Budapest"]
[Date "2019.04.11"]
[Round "3.25"]
[White "Asadli, Vugar"]
[Black "Wong, Jianwen"]
[Result "1-0"]
[ECO "B01"]
[WhiteElo "2454"]
[BlackElo "2185"]
[Annotator "ChessBase"]
[PlyCount "113"]
[EventDate "2019.04.09"]
[EventType "swiss"]
[EventCountry "HUN"]
[SourceTitle "playchess.com"]
[Source "ChessBase"]
[SourceQuality "1"]
[TimeControl "40/5400+30:1800+30"]

1. e4 d5 2. exd5 Qxd5 3. Nc3 Qd8 4. d4 Nf6 5. Nf3 Bg4 6. h3 Bxf3 7. Qxf3 c6 8. Be3 e6 9. O-O-O Bb4 10. Ne4 Nxe4 11. Qxe4 Qd5 12. Qxd5 cxd5 13. h4 h5 14. Kb1 Nd7 15. Bd3 Nf6 16. f3 O-O-O 17. c3 Be7 18. b3 Kb8 19. Rhe1 Ne8 20. Bf2 Bf6 21. Kc2 g6 22. Rh1 Nd6 23. g4 Rc8 24. Bg3 Rhd8 25. Kd2 Ka8 26. Rc1 Rc6 27. Ke3 Rdc8 28. Rh2 Bg7 29. Rhc2 Rd8 30. Rg1 Bf6 31. Be5 Be7 32. c4 dxc4 33. bxc4 f6 34. Bg3 f5 35. g5 Nf7 36. Rd1 Bd6 37. f4 b6 38. Bf2 Bf8 39. Kf3 Rcd6 40. Rcd2 Bg7 41. c5 bxc5 42. dxc5 Rd5 43. Ke2 Bc3 44. Rc2 Ba5 45. Rcc1 Bc7 46. Be3 e5 47. Rb1 exf4 48. Bb5 f3+ 49. Kf2 Ne5 50. Rxd5 Rxd5 51. Ba6 Rd8 52. Bb7+ Kb8 53. Bd5+ Bb6 54. Bxf3 Nd3+ 55. Kg3 Re8 56. Bf4+ Nxf4 57. Kxf4 1-0

[Event "Budapest Spring Festival 2019"]
[Site "Budapest"]
[Date "2019.04.11"]
[Round "3.26"]
[White "Taylor, Adam C"]
[Black "Pasztor, Balazs"]
[Result "0-1"]
[ECO "A06"]
[WhiteElo "2398"]
[BlackElo "2139"]
[Annotator "NA"]
[PlyCount "86"]
[EventDate "2019.04.09"]
[EventType "swiss"]
[EventCountry "HUN"]
[SourceTitle "playchess.com"]
[Source "ChessBase"]
[SourceQuality "1"]
[TimeControl "40/5400+30:1800+30"]

1. g3 d5 2. Nf3 Nf6 3. Bg2 c6 4. O-O Bf5 5. d3 h6 6. c4 e6 7. cxd5 exd5 8. Nc3 Be7 9. Nd4 Bh7 10. e4 O-O 11. exd5 Nxd5 12. Nxd5 cxd5 13. Qg4 Bf6 14. Nf5 Bg6 15. Ne3 d4 16. Bxb7 Nd7 17. Nd5 Rb8 18. Nxf6+ Nxf6 19. Qf3 Qb6 20. Bc6 Rbc8 21. Ba4 Bh5 22. Qg2 Be2 23. Re1 Bxd3 24. b3 Qc5 25. Bd2 Qf5 26. Bb4 Be4 27. Rxe4 Nxe4 28. Bxf8 Kxf8 29. Bd7 Qxd7 30. Qxe4 Re8 31. Qh7 f5 32. Rc1 Kf7 33. h4 Rc8 34. Rd1 Rc6 35. Qh8 Rc8 36. Qh7 d3 37. g4 d2 38. gxf5 Rc6 39. h5 Qd3 40. Kg2 Qe4+ 41. Kf1 Rc1 42. Qg6+ Kg8 43. f6 Rxd1# 0-1

[Event "Budapest Spring Festival 2019"]
[Site "Budapest"]
[Date "2019.04.11"]
[Round "3.27"]
[White "Borhy, Marcell"]
[Black "Nguyen, Van Thanh"]
[Result "1-0"]
[ECO "D26"]
[WhiteElo "2237"]
[BlackElo "2391"]
[Annotator "NA"]
[PlyCount "71"]
[EventDate "2019.04.09"]
[EventType "swiss"]
[EventCountry "HUN"]
[SourceTitle "playchess.com"]
[Source "ChessBase"]
[SourceQuality "1"]
[TimeControl "40/5400+30:1800+30"]

1. d4 d5 2. c4 dxc4 3. Nf3 Nf6 4. e3 e6 5. Bxc4 a6 6. a4 c5 7. O-O Nc6 8. Qe2 Be7 9. Rd1 Qc7 10. Nc3 O-O 11. h3 Re8 12. dxc5 Bxc5 13. e4 Nd7 14. Be3 Bxe3 15. Qxe3 Nde5 16. Nxe5 Nxe5 17. Be2 Bd7 18. Rac1 Bc6 19. b4 Red8 20. b5 axb5 21. axb5 Be8 22. Nd5 Qa5 23. Nb6 Rab8 24. Qc5 f6 25. Kh2 Rxd1 26. Rxd1 Nc6 27. Rc1 Rd8 28. bxc6 Qxc5 29. Rxc5 Bxc6 30. f3 Rd2 31. Bb5 Rb2 32. Bxc6 Rxb6 33. Ba4 Rb4 34. Bd7 Kf7 35. Rc7 Ke7 36. Bc8+ 1-0

[Event "Budapest Spring Festival 2019"]
[Site "Budapest"]
[Date "2019.04.11"]
[Round "3.28"]
[White "Ashwath, R.."]
[Black "Jijo Joy"]
[Result "1-0"]
[ECO "D70"]
[WhiteElo "2388"]
[BlackElo "2018"]
[Annotator "NA"]
[PlyCount "95"]
[EventDate "2019.04.09"]
[EventType "swiss"]
[EventCountry "HUN"]
[SourceTitle "playchess.com"]
[Source "ChessBase"]
[SourceQuality "1"]
[TimeControl "40/5400+30:1800+30"]

1. Nf3 d5 2. d4 Nf6 3. c4 c6 4. Nbd2 g6 5. e3 Bg7 6. b3 O-O 7. Bb2 Bf5 8. Nh4 Bc8 9. Bd3 e5 10. dxe5 Ng4 11. Nhf3 Nd7 12. cxd5 Ndxe5 $15 13. Nxe5 Nxe5 14. Bc4 Qg5 15. O-O Bh3 16. g3 Nxc4 17. Nxc4 Bxb2 18. Nxb2 Bxf1 19. Kxf1 Qxd5 20. Qxd5 cxd5 21. Rd1 Rfd8 22. Nd3 Rac8 23. Rd2 d4 24. e4 Rd6 25. Nf4 Rc1+ 26. Kg2 d3 27. Nd5 Rc2 28. Rxd3 Re6 29. a4 Kg7 30. Kf3 Rec6 31. g4 Rb2 32. Kg3 Rcc2 33. Rf3 Re2 34. Nf6 Red2 35. g5 h6 36. Ne8+ Kg8 37. Nf6+ Kg7 38. Ne8+ Kg8 39. gxh6 Kh7 40. Rxf7+ Kxh6 41. h4 Rxb3+ 42. Kg4 Rd1 43. Nf6 Rg1+ 44. Kf4 g5+ 45. Ke5 gxh4 46. Rh7+ Kg6 47. f4 Rg5+ 48. f5+ 1-0

[Event "Budapest Spring Festival 2019"]
[Site "Budapest"]
[Date "2019.04.11"]
[Round "3.29"]
[White "Torok, Sandor"]
[Black "Ter-Sahakyan, Samvel"]
[Result "0-1"]
[ECO "C47"]
[WhiteElo "2273"]
[BlackElo "2601"]
[Annotator "RC"]
[PlyCount "114"]
[EventDate "2019.04.09"]
[EventType "swiss"]
[EventCountry "HUN"]
[SourceTitle "playchess.com"]
[Source "ChessBase"]
[SourceQuality "1"]
[TimeControl "40/5400+30:1800+30"]

1. e4 e5 2. Nf3 Nc6 3. Nc3 Nf6 4. d4 Bb4 5. Nxe5 O-O 6. Bd3 Nxd4 7. O-O d6 8. Nc4 Bxc3 9. bxc3 Ne6 10. e5 dxe5 11. Nxe5 Qd6 12. Re1 Re8 13. Qf3 Nc5 14. Bf4 Nxd3 15. Nxd3 Qb6 16. Be5 Bg4 17. Qg3 Bf5 18. Bxc7 Qc6 19. Be5 Bg6 20. Bxf6 Qxf6 21. Qc7 h6 22. Rab1 Be4 23. f3 Bc6 24. Re5 Qg6 25. Kf2 Rxe5 26. Qxe5 Re8 27. Qd4 Qe6 28. Re1 Qxa2 29. Nb4 Qa4 30. Nxc6 Qxc2+ 31. Kf1 Rxe1+ 32. Kxe1 bxc6 33. Qxa7 Qxc3+ 34. Kf2 Qc2+ 35. Kf1 Qc4+ 36. Kf2 c5 37. Qa8+ Kh7 38. Qf8 Qd5 39. Qe7 g6 40. Qf6 Kg8 41. Qc3 h5 42. h4 Kf8 43. g3 Ke7 44. Qa3 Kf6 45. Ke3 Qd4+ 46. Ke2 c4 47. Qa6+ Kg7 48. Qa3 c3 49. Qc1 Qc4+ 50. Ke3 Qb3 51. Kd3 c2+ 52. Ke2 Qc3 53. g4 Qc4+ 54. Ke3 Qb3+ 55. Ke2 Qb1 56. Kd2 Qxc1+ 57. Kxc1 g5 0-1

[Event "Budapest Spring Festival 2019"]
[Site "Budapest"]
[Date "2019.04.11"]
[Round "3.31"]
[White "Gyurkovics, Bence"]
[Black "Shyam, Sundar M."]
[Result "0-1"]
[ECO "E94"]
[WhiteElo "2261"]
[BlackElo "2519"]
[Annotator "ChessBase"]
[PlyCount "92"]
[EventDate "2019.04.09"]
[EventType "swiss"]
[EventCountry "HUN"]
[SourceTitle "playchess.com"]
[Source "ChessBase"]
[SourceQuality "1"]
[TimeControl "40/5400+30:1800+30"]

1. d4 Nf6 2. c4 g6 3. Nf3 Bg7 4. Nc3 O-O 5. e4 d6 6. Be2 e5 7. O-O Nbd7 8. Be3 c6 9. d5 c5 10. Ne1 Ne8 11. Nd3 Nb6 12. b3 f5 13. Bd2 Nf6 14. exf5 gxf5 15. Qc1 h5 16. Bg5 Qe8 17. Nb5 Qd7 18. Bh6 f4 19. Bxg7 Qxg7 20. Kh1 Ne8 21. b4 cxb4 22. c5 dxc5 23. Qxc5 Bd7 24. Nd6 Nxd6 25. Qxd6 Bf5 26. Qxb4 Kh8 27. d6 Rg8 28. Rg1 Rac8 29. Qb5 Nd7 30. Nxf4 a6 31. Nxh5 axb5 32. Nxg7 Kxg7 33. Bxb5 Rc2 34. Rgc1 Rgc8 35. Rxc2 Rxc2 36. Kg1 Rd2 37. a4 Rxd6 38. Rc1 Be4 39. Bf1 b6 40. h3 Bc6 41. Rc4 Nc5 42. a5 Rd1 43. Kh2 Rxf1 44. axb6 Rxf2 45. h4 Rxg2+ 46. Kh3 Nd3 0-1

[Event "Budapest Spring Festival 2019"]
[Site "Budapest"]
[Date "2019.04.11"]
[Round "3.33"]
[White "Lizak, Peter"]
[Black "Vegh, Endre"]
[Result "1-0"]
[ECO "A40"]
[WhiteElo "2472"]
[BlackElo "2240"]
[Annotator "ChessBase"]
[PlyCount "71"]
[EventDate "2019.04.09"]
[EventType "swiss"]
[EventCountry "HUN"]
[SourceTitle "playchess.com"]
[Source "ChessBase"]
[SourceQuality "1"]
[TimeControl "40/5400+30:1800+30"]

1. d4 e6 2. e4 c5 3. d5 exd5 4. exd5 d6 5. Nf3 Nf6 6. Nc3 Be7 7. h3 O-O 8. Be2 Na6 9. O-O Nc7 10. Bf4 Rb8 11. a4 a6 12. Rb1 b5 13. axb5 axb5 14. b4 cxb4 15. Rxb4 Bd7 16. Be3 Qc8 17. Qd2 Qb7 18. Rd1 Na6 19. Rd4 b4 20. Ne4 Nc7 21. Bc4 Rfc8 22. Bg5 Nxe4 23. Rxe4 Bf8 24. Rh4 h6 25. Be3 Ne8 26. Ra1 Ra8 27. Rb1 Rcb8 28. g4 Qc8 29. g5 hxg5 30. Nxg5 Be7 31. Qe2 Nf6 32. Bd4 Qe8 33. Re1 Bf8 34. Qd1 Qc8 35. Bxf6 gxf6 36. Qh5 1-0

[Event "Budapest Spring Festival 2019"]
[Site "Budapest"]
[Date "2019.04.11"]
[Round "3.34"]
[White "Pujari, Rucha"]
[Black "Henderson de La Fuente, Lance"]
[Result "0-1"]
[ECO "C01"]
[WhiteElo "2205"]
[BlackElo "2471"]
[Annotator "ChessBase"]
[PlyCount "88"]
[EventDate "2019.04.09"]
[EventType "swiss"]
[EventCountry "HUN"]
[SourceTitle "playchess.com"]
[Source "ChessBase"]
[SourceQuality "1"]
[TimeControl "40/5400+30:1800+30"]

1. d4 e6 2. e4 d5 3. exd5 exd5 4. Bd3 Nc6 5. c3 Bd6 6. Qf3 Nge7 7. Ne2 Be6 8. Bf4 Ng6 9. Nd2 O-O 10. Bxd6 Qxd6 11. h4 Nge7 12. h5 h6 13. O-O-O Rab8 14. Rhg1 b5 15. g4 b4 16. c4 dxc4 17. Nxc4 Qd5 18. Qxd5 Nxd5 19. g5 Kh8 20. Rg3 Rbd8 21. b3 hxg5 22. Rxg5 Nf6 23. Bc2 Bg4 24. h6 g6 25. Rd2 Bxe2 26. Rxe2 Nxd4 27. Re3 Nd5 28. Rd3 c5 29. Kb2 Kh7 30. Na5 Nf4 31. Rd1 Nfe6 32. Re5 Nxc2 33. Rxd8 Rxd8 34. Kxc2 Kxh6 35. Kc1 Kg7 36. Nc4 Kf6 37. Re3 Rd5 38. Nd2 Re5 39. Rf3+ Rf5 40. Rd3 Ke7 41. Ne4 Re5 42. Nd2 Re1+ 43. Kb2 Re2 44. f3 Nf4 0-1